 Dungeon Crawl Stone Soup version 0.22-a0-830-gf552829 (webtiles) character file.

895 BaronVonScrub the Insei (level 7, -2/53 HPs)
             Began as a Demonspawn Monk on July 24, 2018.
             Slain by Edmund
             ... wielding a +0 dire flail of draining
              (11 damage)
             ... on level 4 of the Dungeon.
             The game lasted 00:16:03 (7410 turns).

BaronVonScrub the Insei (Demonspawn Monk)           Turns: 7410, Time: 00:16:03

Health: -2/53      AC: 10    Str: 13    XL:     7   Next: 78%
Magic:  7/7        EV: 10    Int: 11    God:
Gold:   148        SH:  0    Dex: 16    Spells: 6/6 levels left

rFire    . . .     SeeInvis +   (no weapon)
rCold    + . .     Gourm    .   (no shield)
rNeg     . . .     Faith    .   c - +3 leather armour {MR+}
rPois    +         Spirit   .   (helmet restricted)
rElec    .         Reflect  .   (no cloak)
rCorr    .         Harm     .   g - +0 pair of gloves
MR       +....                  (no boots)
Stlth    +.........             (no amulet)
HPRegen  0.17/turn              f - ring of wizardry
MPRegen  0.10/turn              (no ring)

@: extremely drained
A: antennae 2, yellow scales 2, see invisible, cold resistance 1, poison
resistance, rot immunity
a: no special abilities


You were on level 4 of the Dungeon.
You were not hungry.

You visited 1 branch of the dungeon, and saw 5 of its levels.

You collected 148 gold pieces.

Inventory:

Armour
 a - a +0 robe
 c - a +3 leather armour of magic resistance (worn)
 g - a +0 pair of gloves (worn)
Jewellery
 f - a ring of wizardry (left hand)
Scrolls
 d - 2 scrolls of remove curse
 e - a scroll of teleportation
Potions
 j - a potion of degeneration
Comestibles
 b - 5 rations


   Skills:
 + Level 3.6(0.0) Fighting
 + Level 3.4(0.0) Armour
 * Level 4.8(0.0) Dodging
 - Level 1.7(0.0) Stealth
 + Level 6.2(0.0) Unarmed Combat


You had 6 spell levels left.
You didn't know any spells.
Your spell library was empty.

Dungeon Overview and Level Annotations

Branches:
Dungeon (5/15)
 Temple: D:4-7

Altars:
Ashenzari
Dithmenos
Fedhas
Hepliaklqana
Nemelex Xobeh
Okawaru
Trog
Wu Jian

Annotations:
D:4 Edmund


Innate Abilities, Weirdness & Mutations

You have a pair of antennae on your head.
You are mostly covered in yellow scales. (AC +3)
Your flesh is cold resistant. (rC+)
You are immune to rotting.
You have supernaturally acute eyesight. (SInv)
Your system is resistant to poisons. (rPois)


Message History

Edmund is heavily wounded.
Edmund hits you but does no damage.
You feel drained.
You hit Edmund but do no damage.
Edmund is heavily wounded.
Edmund hits you with a dire flail of draining!
* * * LOW HITPOINT WARNING * * *
You feel drained.
* * * LOW HITPOINT WARNING * * *
You hit Edmund but do no damage.
Edmund is heavily wounded.
Edmund hits you with a dire flail of draining.
* * * LOW HITPOINT WARNING * * *
You feel drained.
You hit Edmund but do no damage.
Edmund is heavily wounded.
Edmund hits you but does no damage.
You feel drained.
You hit Edmund but do no damage.
Edmund is heavily wounded.
Edmund hits you with a dire flail of draining!
You die...

#..#######
##.#.#######
#..############..#
#................#
#..#######.###...#
#..# #.#......#
#..# ##.###.#.#
#..### #.##..#.#
#....# #.##.##@#
..##.# #.##.##@#
####.# #.##.##.##
#.# #.##.#...# #.#
#z.....#.# #.#
#.##.#...# #.#
#.##.## ## ##
##.#####.##.# #.
###...z.......# #.
.....###.....## #.


You could see Edmund.

Vanquished Creatures
  Sigmund (D:4)
  An ogre (D:3)
  A big kobold (D:2)
  A scorpion (D:4)
  4 wights
  An orc priest (D:4)
  An orc wizard (D:3)
  An iguana (D:3)
  3 worker ants
  A hound skeleton (D:4)
  Robin (D:4)
  6 adders
  2 oozes
  2 worms
  4 dart slugs
  5 leopard geckos
  13 orcs
  10 bats
  A giant cockroach (D:2)
  16 goblins
  10 hobgoblins
  6 jackals
  4 frilled lizards
  A jackal skeleton (D:4)
  9 kobolds
  3 rats
108 creatures vanquished.

Notes
Turn   | Place    | Note
-------+----------+-------------------------------------------
     0 | D:1      | BaronVonScrub the Demonspawn Monk began the quest for the Orb.
     0 | D:1      | Reached XP level 1. HP: 18/18 MP: 1/1
   189 | D:1      | Gained mutation: You have a pair of small antennae on your head. [demonic ancestry]
   189 | D:1      | Reached XP level 2. HP: 24/24 MP: 2/2
   656 | D:1      | Reached skill level 3 in Unarmed Combat
  1131 | D:2      | Reached skill level 1 in Armour
  1131 | D:2      | Reached XP level 3. HP: 26/29 MP: 3/3
  1489 | D:2      | Found an iron altar of Okawaru.
  2014 | D:3      | Noticed a big kobold
  2051 | D:2      | Killed a big kobold
  2051 | D:2      | Gained mutation: You are partially covered in yellow scales. (AC +2) [demonic ancestry]
  2051 | D:2      | Reached XP level 4. HP: 4/35 MP: 4/4
  2357 | D:3      | Found a shadowy altar of Dithmenos.
  2391 | D:3      | Reached skill level 4 in Unarmed Combat
  2391 | D:3      | Gained mutation: You have a pair of antennae on your head. [demonic ancestry]
  2391 | D:3      | Reached XP level 5. HP: 20/41 MP: 5/5
  2828 | D:3      | Found a blossoming altar of Fedhas.
  2829 | D:3      | Found a shattered altar of Ashenzari.
  2831 | D:3      | Found a sparkling altar of Nemelex Xobeh.
  2836 | D:3      | Found a bloodstained altar of Trog.
  2839 | D:3      | Found a hazy altar of Hepliaklqana.
  2844 | D:3      | Found an ornate altar of the Wu Jian Council.
  3385 | D:3      | Noticed an ogre
  3421 | D:3      | Killed an ogre
  3657 | D:4      | Gained mutation: Your flesh is cold resistant. (rC+) [demonic ancestry]
  3657 | D:4      | Reached XP level 6. HP: 47/47 MP: 6/6
  3718 | D:4      | Gained mutation: Your body sometimes deteriorates upon taking damage. [potion of mutation]
  3718 | D:4      | Gained mutation: Your flesh is very cold resistant. (rC++) [potion of mutation]
  4005 | D:4      | Lost mutation: Your body sometimes deteriorates upon taking damage. [potion of mutation]
  4005 | D:4      | Lost mutation: Your flesh is very cold resistant. (rC++) [potion of mutation]
  4005 | D:4      | Gained mutation: You have supernaturally acute eyesight. (SInv) [potion of mutation]
  4005 | D:4      | Gained mutation: Your system is resistant to poisons. (rPois) [potion of mutation]
  4005 | D:4      | Gained mutation: You are mostly covered in yellow scales. (AC +3) [potion of mutation]
  4159 | D:4      | Reached skill level 5 in Unarmed Combat
  4837 | D:4      | Noticed Sigmund
  5071 | D:4      | Gained mutation: You are immune to rotting. [demonic ancestry]
  5071 | D:4      | Reached XP level 7. HP: 52/52 MP: 7/7
  5109 | D:4      | Noticed Robin
  5118 | D:4      | Killed Robin
  5161 | D:4      | Killed Sigmund
  5586 | D:4      | Reached skill level 6 in Unarmed Combat
  5703 | D:4      | Noticed Edmund
  6677 | D:5      | Entered Level 5 of the Dungeon
  7410 | D:4      | Slain by Edmund

Vault maps used:
D:1:      minmay_arrival_four_circles, minmay_tromino_mix6
D:2:      nicolae_overflow_crystal_walls, corexii_leaking_fountain,
          kennysheep_nondescript
D:3:      lemuel_crystal_altar, minitemple, minmay_ogre_servants
D:4:      uniq_sigmund, uniq_edmund, uniq_robin
D:5:      first_ration

Skill      XL: |  1  2  3  4  5  6  7 |
---------------+----------------------+-----
Unarmed Combat | 3 4 5 6 |  6.2
Armour         | 1 2 3 |  3.4
Dodging        | 3 4 |  4.8
Fighting       | |  3.6
Stealth        | |  1.7

Action                   |  1- 3 |  4- 6 |  7- 9 || total
-------------------------+-------+-------+-------++-------
Melee: Unarmed           |   185 |   272 |   201 ||   658
       Punch             |     3 |     5 |     5 ||    13
  Use: Scroll            |     2 |    10 |     1 ||    13
       Potion            |       |     3 |     2 ||     5
 Stab: Sleeping          |       |     1 |       ||     1
  Eat: Chunk             |     1 |     3 |       ||     4
       Ration            |     1 |     2 |     2 ||     5
Armor: Leather armour    |    60 |    80 |    46 ||   186
       Robe              |     1 |       |       ||     1
Dodge: Dodged            |   118 |   177 |    97 ||   392

Table legend:
 A = Spawn XP
 B = Non-spawn XP
 C = Spawn XP percentage of total XP
 D = Spawn monster count
 E = Non-spawn monster count
 F = Spawn count percentage of total count
 G = Total turns spent on level
                    A         B        C        D         E        F      G
               +---------+---------+-------+---------+---------+-------+---------
         Total |       0 |    1279 |   0.0 |       0 |     108 |   0.0 |  7410
               +---------+---------+-------+---------+---------+-------+---------
           D:1 |       0 |      26 |   0.0 |       0 |      13 |   0.0 |   949
           D:2 |       0 |     213 |   0.0 |       0 |      30 |   0.0 |  1735
           D:3 |       0 |     353 |   0.0 |       0 |      33 |   0.0 |  2754
           D:4 |       0 |     654 |   0.0 |       0 |      31 |   0.0 |  1700
           D:5 |       0 |      33 |   0.0 |       0 |       1 |   0.0 |   272
               +---------+---------+-------+---------+---------+-------+---------
